AoeStats
← 根本赢不了

African Clearing

510445385Analyzed
4v4 RM · 16h ago on Oct 1, 2026· 38m 6s· 8 players
Game mode
Random Map
Map size
Large (8 player)
Population
200
Speed
Normal
Resources
Standard
Victory
Conquest
Starting age
Dark Age
Ending age
Imperial Age
RankedLock teamsTeams togetherTeam positionsShared explorationLock speedFull tech treeHidden civsTurbo modeCheats
Victory
Defeat
🇺🇸 Turks · United States
1408
+8
🇺🇸 Poles · United States
1185
+16
🇺🇸 Wei · United States
1178
+17
🇺🇸 Varangians · United States
1136
+18
🇨🇳 Cumans · China
1228
-30
🇨🇴 Khmer · Colombia
1223
-16
🇺🇸 Magyars · United States
1201
-15
🇺🇸 Romans · United States
1128
-12
mentat
5:58 Loom
13:11 Feudal Age
17:20 Bloodlines
21:06 Castle Age
20:48 Double-Bit Axe
22:02 Bloodlines
21:59 Husbandry
21:53 Fletching
23:11 Padded Archer Armor
23:13 Bodkin Arrow
27:01 Ballistics
27:31 Padded Archer Armor
30:17 Bow Saw
33:06 Wheelbarrow
33:48 Thumb Ring
StanTheMan
8:59 Loom
14:24 Feudal Age
19:24 Castle Age
17:26 Horse Collar
18:54 Man-at-Arms
19:50 Long Swordsman
21:16 Scale Mail Armor
24:22 Chain Mail Armor
26:24 Double-Bit Axe
29:06 Wheelbarrow
28:56 Pikeman
29:48 Forging
31:11 Iron Casting
31:45 Bow Saw
35:48 Light Cavalry
Gompachiro
8:16 Loom
14:30 Feudal Age
15:12 Double-Bit Axe
15:10 Horse Collar
17:37 Castle Age
23:32 Bloodlines
27:53 Scale Barding Armor
33:40 Wheelbarrow
36:14 Forging
根本赢不了
10:50 Loom
13:06 Feudal Age
13:46 Double-Bit Axe
19:54 Horse Collar
25:47 Wheelbarrow
24:57 Town Watch
30:15 Castle Age
IdleCylinder564
3:28 Loom
4:46 Loom
5:18 Loom
13:48 Feudal Age
16:06 Double-Bit Axe
17:23 Wheelbarrow
19:19 Castle Age
17:49 Forging
17:45 Scale Barding Armor
19:39 Bloodlines
22:35 Iron Casting
22:21 Chain Barding Armor
25:42 Horse Collar
27:00 Husbandry
30:59 Heavy Plow
35:55 Bow Saw
38:14 Hand Cart
SnakyPringle
4:05 Loom
13:36 Feudal Age
14:21 Double-Bit Axe
24:22 Castle Age
22:56 Horse Collar
29:18 Bow Saw
32:51 Scale Barding Armor
32:57 Forging
37:06 Chain Barding Armor
37:15 Bloodlines
37:06 Husbandry
38:33 Fletching
TamerCaribou922
7:33 Loom
12:05 Feudal Age
27:42 Castle Age
26:04 Bloodlines
27:18 Scale Barding Armor
31:39 Horse Collar
PrEyOnU1
10:08 Loom
13:47 Feudal Age
17:53 Castle Age
15:42 Double-Bit Axe
16:42 Fletching
18:35 Bodkin Arrow
28:00 Wheelbarrow
28:12 Padded Archer Armor
30:43 Leather Archer Armor
30:18 Horse Collar
31:05 Ballistics
32:03 Thumb Ring
36:40 Hand Cart
40:00 Imperial Age
38:08 Scale Barding Armor
38:14 Forging
Connection lost

Rejoining the realm…

Still unreachable

The connection could not be restored.

Session expired

The server has moved on; the page needs a fresh start.